 Dungeon Crawl Stone Soup version 0.16-a0-1858-gba9b1e2 (webtiles) character file.

67 grisnicke the Caller (level 3, -1/24 HPs)
             Began as a Vampire Summoner on Nov 4, 2014.
             Slain by an adder (3 damage)
             ... on level 2 of the Dungeon.
             The game lasted 00:15:11 (3191 turns).

grisnicke the Caller (Vampire Summoner)             Turns: 3191, Time: 00:15:11

Health: -1/24      AC:  3    Str:  7    XL:     3   Next: 98%
Magic:  2/6        EV: 12    Int: 18    God:
Gold:   78         SH:  0    Dex: 12    Spells: 2 memorised, 2 levels left

rFire  + . .     SeeInvis +     f - -1 dagger (curse)
rCold  + . .     Clarity  .     a - +1 robe
rNeg   + + .     SustAb   .     (no shield)
rPois  +         Gourm    .     (no helmet)
rElec  .         Spirit   .     (no cloak)
rCorr  .         Warding  .     (no gloves)
rMut   .         Stasis   .     (no boots)
MR     .....                    (no amulet)
Stlth  ++........               (no ring)
                                (no ring)

@: regenerating slowly, not resistant to hostile enchantments, unstealthy
A: fangs 3, see invisible, clumsy 1, fire resistance 1, unbreathing
a: Bat Form


You were on level 2 of the Dungeon.
You were thirsty.

You visited 1 branch of the dungeon, and saw 2 of its levels.

You collected 78 gold pieces.

Inventory:

Hand weapons
 d - a +0 club
 f - a cursed -1 dagger (weapon)
Missiles
 e - 6 stones (quivered)
 m - 4 javelins of returning
Armour
 a - a +1 robe (worn)
Potions
 j - a potion of restore abilities
 l - a potion of mutation
Books
 b - a book of Callings

   Spells                             Type                      Level
   *Summon Small Mammal               Summoning                    1
   Call Imp                           Summoning                    2
   *Call Canine Familiar              Summoning                    3
   Summon Guardian Golem              Hexes/Summoning              4
   Summon Lightning Spire             Summoning/Air                4
   Summon Ice Beast                   Ice/Summoning                4


   Skills:
 - Level 2.1 Dodging
 - Level 3.0 Stealth
 + Level 2.2 Spellcasting
 + Level 5.4 Summonings


You had 2 spell levels left.
You knew the following spells:

 Your Spells              Type           Power        Failure   Level  Hunger
a - Summon Small Mammal   Summ           ###.         1%          1    #......
b - Call Canine Familiar  Summ           ###.....     6%          3    ###....


Dungeon Overview and Level Annotations

Branches:
Dungeon (2/15)

Altars:


Innate Abilities, Weirdness & Mutations

You heal slowly.
You have razor-sharp teeth.
You have supernaturally acute eyesight.
You can survive without breathing.
You are clumsy. (Dex -2)
Your flesh is heat resistant.


Message History

The adder is heavily wounded.
Your hound misses the adder. The adder barely misses you.
Your quokka closely misses the adder.
Your hound closely misses the adder.
You miss the adder.
The adder is heavily wounded.
The adder bites you.
* * * LOW HITPOINT WARNING * * *
Your quokka closely misses the adder.
Your hound completely misses the adder.
The adder bites you.
* * * LOW HITPOINT WARNING * * *
Your quokka bites the adder.
You closely miss the adder.
The adder is severely wounded.
Your hound bites the adder.
The adder barely misses your hound.
Your hound barely misses the adder.
Your quokka completely misses the adder.
You closely miss the adder. Your bite misses the adder.
The adder is severely wounded.
The adder bites you.
You die...

......# #.##.##.# #..#..#..##.
.(..s.####.##.##.# #...........
......#.......##.## #.#.<.......
... #........# #.#.........
#.##.##..# #.##.....)..
...####.##†#...####.##.>#.###.
............#..h.....##....####
....###.####.Sr########.#..... .#
#.# #.@.# .....#### #.#
#.####...######.....####
######.###...)..............##...
........####.)...)...... ### #...
........#######..###..#. #.# #...
..........# #...# ..#..#.# #...
........### #(..# .#..#.####..
.......># #...# ..#..#.#.....
........#######.... .............


You could see an adder, a friendly hound and a friendly quokka.

Vanquished Creatures
  2 adders (D:2)
  7 bats
  A giant cockroach (D:2)
  4 goblins
  3 hobgoblins
  2 kobolds (D:1)
  A quokka (D:2)
  A ball python (D:2)
  2 giant newts (D:1)
  5 rats
28 creatures vanquished.

Vanquished Creatures (collateral kills)
  An adder (D:2)
  2 worms (D:2)
  An ooze (D:2)
  A giant cockroach (D:1)
  A goblin (D:2)
  3 hobgoblins (D:1)
  2 jackals (D:1)
  3 ball pythons
  4 kobolds
  A rat (D:1)
19 creatures vanquished.

Vanquished Creatures (others)
  A bat (D:1)
  4 quokkas
  4 rats (D:2)
9 creatures vanquished.

Grand Total: 56 creatures vanquished

Notes
Turn   | Place    | Note
--------------------------------------------------------------
     0 | D:1      | grisnicke, the Vampire Summoner, began the quest for the Orb.
     0 | D:1      | Reached XP level 1. HP: 13/13 MP: 3/3
   265 | D:1      | Reached XP level 2. HP: 10/19 MP: 4/4
  1212 | D:2      | Reached skill level 5 in Summonings
  1212 | D:2      | Reached XP level 3. HP: 18/24 MP: 3/6
  2505 | D:2      | Learned a level 3 spell: Call Canine Familiar
  2690 | D:1      | Gained mutation: Your flesh is heat resistant. [potion of mutation]
  2690 | D:1      | Gained mutation: You are clumsy. (Dex -2) [potion of mutation]
  3191 | D:2      | Slain by an adder

Action                   || total
-------------------------++-------
Melee: Dagger            ||   174
       Club              ||     7
       Unarmed           ||     3
Throw: Javelin           ||     3
       Stone             ||     2
 Cast: Summon Small Mamm ||    40
       Call Canine Famil ||     2
  Use: Scroll            ||     5
       Potion            ||     3
 Stab: Sleeping          ||     6
       Distracted        ||     1
  Eat: Corpse            ||     4
